Map: Oxide LE

Players

Kelazhur - Winner!

  • Race: Terran Terran

nanO

  • Race: Protoss Protoss

Event: DreamHack SC2 Masters 2021 Fall

VOD

Have the link to the VOD?

Description

Time

  • Played on: July 28, 2021, 6:16 p.m.
  • Length: 8:54

All games in this series

Show
View Real Time Build Order
Export as new Build Order

Kelazhur Terran - Winner!

Build Orders: Reaper Expand 

Get SALT Encoding   

  12  0:00  SCV  
  13  0:12  SCV  
  14  0:16  Supply Depot  
  14  0:24  SCV  
  15  0:38  SCV  
  15  0:39  Barracks  
  16  0:42  Refinery  
  16  0:50  SCV  
  17  1:02  SCV  
  18  1:15  SCV  
  19  1:27  Orbital Command, Reaper  
  20  1:44  Command Center  
  20  1:53  SCV  
  21  1:58  Marine  
  21  2:01  Supply Depot  
  22  2:06  SCV  
  23  2:12  Factory  
  23  2:21  Barracks Reactor  
  23  2:22  SCV  
  24  2:25  Refinery  
  24  2:34  SCV  
  24  2:46  SCV  
  25  2:56  Orbital Command  
  25  2:58  Hellion, Marine x2  
  29  2:59  Starport  
  29  3:04  SCV  
  30  3:15  Marine x2  
  30  3:17  SCV  
  30  3:19  Widow Mine  
  35  3:23  SCV  
  36  3:28  Supply Depot  
  36  3:32  SCV  
  36  3:33  Marine x2  
  39  3:35  SCV  
  39  3:39  Medivac  
  39  3:40  Supply Depot  
  42  3:43  Widow Mine  
  42  3:47  SCV  
  45  3:52  SCV  
  45  3:53  Engineering Bay  
  46  3:57  Marine x2  
  46  3:59  SCV  
  47  4:04  SCV  
  47  4:05  Widow Mine  
  50  4:10  Starport Tech Lab  
  50  4:12  SCV  
  50  4:16  Marine  
  50  4:17  Supply Depot, Marine  
  52  4:18  SCV  
  52  4:23  Missile Turret  
  54  4:25  SCV  
  54  4:29  Raven  
  54  4:30  Factory Tech Lab  
  57  4:32  SCV  
  57  4:34  Marine x2  
  60  4:45  SCV  
  60  4:54  Siege Tank  
  60  4:56  SCV  
  60  4:57  Barracks  
  60  4:58  Barracks, Marine x2  
  64  5:00  SCV  
  64  5:04  Refinery  
  64  5:06  Refinery, Terran Infantry Weapons Level 1  
  65  5:09  SCV  
  65  5:12  SCV  
  67  5:15  Supply Depot  
  67  5:17  Marine  
  67  5:21  SCV  
  69  5:22  Supply Depot  
  69  5:26  SCV  
  70  5:28  Starport Reactor  
  70  5:33  SCV  
  69  5:38  SCV  
  69  5:39  Marine x2  
  72  5:44  Supply Depot x2  
  72  5:46  Factory Reactor  
  72  5:49  SCV  
  73  5:53  Stimpack, Marauder  
  73  5:54  Combat Shield, Marauder  
  77  5:57  Marine x2  
  79  6:06  Medivac x2  
  83  6:13  Command Center  
  83  6:14  Marauder  
  83  6:15  Marine x2  
  83  6:16  Marauder  
  89  6:25  Supply Depot  
  89  6:33  Marine x2  
  89  6:34  Widow Mine x2  
  89  6:36  Medivac, Marauder  
  89  6:37  Marauder  
  101  6:47  Medivac  
  101  6:48  Supply Depot  
  101  6:49  Supply Depot  
  101  6:53  Supply Depot  
  103  6:55  Missile Turret  
  103  6:56  Marine x2  
  103  6:57  Marauder  
  103  6:58  Widow Mine  
  109  7:09  Widow Mine, Marauder  
  109  7:10  Supply Depot  
  109  7:12  SCV x2  
  112  7:24  SCV  
  112  7:26  SCV  
  106  7:30  Orbital Command  
  106  7:32  Marauder, Marine x2  
  106  7:33  Marauder  
  106  7:36  SCV  
  113  7:37  Widow Mine x2  
  113  7:38  SCV  
  118  7:46  Supply Depot, Orbital Command  
  118  7:48  SCV  
  118  7:50  SCV  
  120  7:57  Marauder x2  
  124  7:58  Marine x2  
  124  8:01  SCV  
  124  8:02  SCV  
  124  8:03  Barracks x2  
  126  8:07  Medivac, Widow Mine x2  
  126  8:08  Medivac  
  134  8:14  Orbital Command  
  134  8:18  Marine  
  134  8:19  Marauder x2, Marine  
  140  8:24  SCV  
  140  8:26  SCV  
  142  8:29  Widow Mine x2  
Show
View Real Time Build Order
Export as new Build Order

nanO Protoss 

Build Orders: 1 Gate Expand, Dark Templar Rush 

Get SALT Encoding   

  12  0:00  Probe  
  13  0:12  Probe  
  14  0:17  Pylon  
  14  0:24  Probe (Chrono Boost)  
  15  0:36  Probe (Chrono Boost)  
  15  0:38  Gateway  
  16  0:45  Probe (Chrono Boost)  
  16  0:48  Assimilator  
  17  0:50  Probe  
  18  1:03  Probe  
  19  1:15  Probe  
  20  1:23  Nexus  
  20  1:33  Cybernetics Core  
  20  1:36  Probe  
  21  1:41  Assimilator  
  20  1:48  Pylon  
  20  1:50  Probe  
  21  2:02  Probe  
  21  2:06  Adept (Chrono Boost)  
  22  2:10  Warp Gate  
  22  2:14  Probe  
  25  2:27  Probe (Chrono Boost)  
  25  2:28  Twilight Council  
  26  2:36  Probe (Chrono Boost)  
  26  2:42  Adept  
  29  2:45  Probe (Chrono Boost)  
  29  2:46  Probe (Chrono Boost)  
  29  2:50  Robotics Facility  
  31  2:51  Probe (Chrono Boost)  
  31  2:52  Probe  
  32  3:03  Probe  
  32  3:04  Probe  
  34  3:12  Dark Shrine  
  34  3:15  Probe  
  34  3:19  Probe  
  36  3:24  Gateway  
  36  3:27  Probe  
  36  3:29  Pylon  
  36  3:31  Probe  
  38  3:37  Warp Prism (Chrono Boost)  
  38  3:39  Probe  
  41  3:47  Probe  
  42  3:51  Probe  
  42  3:52  Pylon  
  42  3:59  Probe  
  42  4:03  Probe  
  42  4:05  Stalker  
  42  4:09  Observer  
  46  4:11  Probe  
  46  4:15  Probe  
  48  4:19  Nexus  
  48  4:25  Dark Templar  
  48  4:27  Probe  
  48  4:28  Probe  
  52  4:33  Pylon, Charge  
  52  4:39  Probe  
  52  4:40  Shadow Stride  
  51  4:49  Probe  
  45  4:55  Probe  
  46  5:02  Probe  
  47  5:07  Probe  
  47  5:12  Gateway  
  47  5:14  Probe  
  49  5:15  Gateway, Sentry  
  49  5:19  Probe  
  52  5:21  Gateway  
  52  5:26  Probe  
  53  5:31  Probe  
  53  5:34  Probe  
  54  5:36  Zealot  
  54  5:38  Probe  
  54  5:40  Pylon  
  57  5:43  Probe  
  57  5:46  Probe  
  57  5:47  Gateway  
  57  5:49  Dark Templar  
  61  5:53  Probe  
  62  6:00  Gateway  
  62  6:01  Gateway  
  62  6:04  Dark Templar  
  64  6:15  Dark Templar  
  64  6:16  Probe  
  64  6:17  Probe x2  
  69  6:20  Pylon  
  69  6:22  Gateway  
  69  6:23  Zealot  
  69  6:25  Zealot  
  73  6:28  Probe  
  73  6:29  Probe  
  75  6:39  Stalker x2  
  79  6:40  Probe  
  79  6:45  Probe  
  81  6:47  Pylon  
  81  6:48  Pylon  
  81  6:49  Gateway  
  81  6:50  Zealot x2  
  85  6:57  Stalker  
  85  7:00  Zealot x3  
  93  7:03  Pylon  
  93  7:04  Dark Templar  
  95  7:13  Probe  
  93  7:18  Zealot x4  
  93  7:19  Probe  
  94  7:22  Zealot  
  94  7:23  Zealot x5  
  104  7:42  Zealot  
  104  7:43  Zealot x3  
  112  7:45  Pylon  
  112  7:46  Pylon  
  107  7:54  Pylon  
  107  7:55  Pylon  
  105  8:07  Dark Templar  
  105  8:08  Dark Templar  
  105  8:10  Dark Templar  
  105  8:11  Zealot x6  
  105  8:12  Zealot  
  123  8:25  Probe  
  123  8:27  Pylon  
  121  8:28  Zealot x3  
  121  8:29  Pylon  

Tags
 
Add a new tag
Caveats
  • Supply blocks, unpowered buildings, or Contaminate may cause inaccurate times.
  • Supply counts are checked every 10 seconds.